Map: 匹昂台地

Players

TheAlchemist - Winner!

  • Race: Zerg Zerg
  • League: Platinum

shengy

  • Race: Zerg Zerg
  • League: Gold

VOD

Have the link to the VOD?

Description

Time

  • Played on: Dec. 11, 2015, 12:29 a.m.
  • Length: 14:01
Show
View Real Time Build Order
Export as new Build Order

TheAlchemist Zerg - Winner!

Build Orders: Hatch First 

Get SALT Encoding   

  12  0:02  Drone  
  13  0:13  Overlord  
  13  0:18  Drone  
  14  0:32  Drone x2  
  16  0:36  Drone  
  17  0:56  Hatchery  
  16  1:09  Spawning Pool  
  15  1:11  Extractor  
  15  1:18  Drone x2  
  16  1:24  Drone  
  17  1:37  Drone  
  18  1:41  Drone  
  19  1:57  Queen  
  19  1:59  Drone  
  22  2:02  Overlord  
  22  2:11  Queen  
  22  2:13  Drone  
  25  2:17  Metabolic Boost  
  25  2:24  Zergling x4  
  27  2:32  Drone x2  
  29  2:38  Overlord  
  29  2:44  Drone  
  29  2:46  Zergling x2  
  31  3:02  Zergling x4  
  33  3:08  Zergling x8  
  37  3:15  Zergling x4  
  39  3:25  Zergling x2  
  39  3:26  Zergling x4  
  42  3:27  Zergling x2  
  42  3:32  Overlord  
  43  3:36  Roach Warren  
  43  3:41  Overlord  
  42  3:44  Drone  
  43  3:57  Drone x3  
  43  3:58  Drone  
  43  4:02  Evolution Chamber  
  46  4:03  Drone x3  
  46  4:06  Lair  
  49  4:12  Drone  
  49  4:13  Drone  
  50  4:30  Drone x3  
  53  4:31  Drone  
  53  4:32  Drone x5  
  58  4:50  Roach  
  58  4:51  Spine Crawler  
  58  4:52  Overlord x4  
  59  5:08  Hatchery  
  58  5:20  Roach x3  
  58  5:21  Roach x3  
  70  5:25  Queen, Zerg Ground Armor Level 1  
  72  5:42  Roach x4  
  82  5:43  Roach  
  82  5:49  Extractor  
  81  5:51  Overlord x2  
  81  5:52  Spore Crawler  
  80  5:57  Hatchery  
  80  6:01  Drone x4  
  83  6:08  Spore Crawler, Roach x2  
  83  6:09  Roach  
  74  6:22  Roach  
  67  6:43  Drone x5  
  67  6:44  Queen  
  74  6:50  Drone x2  
  74  6:51  Drone  
  74  6:53  Drone  
  78  7:05  Extractor, Drone  
  78  7:06  Drone x2  
  80  7:16  Roach x2  
  80  7:17  Roach x2  
  88  7:27  Drone x3  
  88  7:28  Drone x2  
  88  7:29  Queen  
  95  7:36  Drone x2  
  98  7:37  Extractor, Drone x2  
  98  7:42  Spine Crawler  
  97  7:45  Spine Crawler  
  97  7:46  Spore Crawler, Extractor  
  97  7:49  Extractor, Zergling x8  
  97  7:50  Zergling x8  
  101  7:57  Glial Reconstitution  
  101  8:00  Extractor  
  101  8:05  Drone x5  
  105  8:28  Spine Crawler, Roach x2  
  105  8:29  Roach x2  
  105  8:30  Overlord x2  
  105  8:31  Overlord x3  
  112  8:42  Infestation Pit  
  112  8:47  Zerg Missile Weapons Level 1  
  111  8:50  Evolution Chamber  
  111  8:52  Drone x4, Evolution Chamber  
  111  9:11  Roach x3  
  111  9:12  Roach x6  
  111  9:13  Overlord, Roach x2  
  111  9:14  Overlord x5  
  133  9:19  Spine Crawler  
  133  9:21  Queen  
  134  9:27  Drone  
  134  9:28  Drone  
  136  9:36  Hive  
  136  9:40  Drone x3  
  136  9:41  Drone  
  140  9:54  Hatchery, Queen  
  140  9:55  Zerg Ground Armor Level 2  
  140  9:57  Zerg Melee Weapons Level 1  
  140  9:58  Drone  
  142  10:08  Drone x2  
  144  10:16  Drone x2  
  131  10:58  Queen  
  133  11:07  Ultralisk Cavern  
  132  11:14  Drone  
  132  11:15  Drone x4  
  132  11:17  Drone x3  
  132  11:18  Spine Crawler  
  139  11:50  Drone  
  139  11:51  Overlord x2  
  140  11:55  Chitinous Plating  
  140  11:58  Ultralisk x5  
  140  11:59  Ultralisk x2  
  182  12:10  Hydralisk Den  
  182  12:11  Drone x2  
  183  12:21  Drone x3  
  186  12:25  Drone  
  186  12:26  Drone x4  
  191  12:33  Queen  
  193  12:39  Spine Crawler  
  192  12:49  Spine Crawler  
  192  12:50  Spine Crawler, Drone x2  
  192  12:51  Spine Crawler  
  192  12:54  Zergling x4  
  192  12:55  Zergling x12  
  192  12:56  Zergling x2  
Show
View Real Time Build Order
Export as new Build Order

shengy Zerg 

Build Orders: Pool First, Roach Nydus 

Get SALT Encoding   

  12  0:01  Drone  
  13  0:08  Drone  
  14  0:17  Overlord  
  14  0:35  Drone x3  
  17  0:47  Spawning Pool  
  16  0:50  Drone  
  17  0:57  Drone  
  18  1:17  Hatchery  
  17  1:18  Drone  
  17  1:20  Drone  
  17  1:23  Extractor  
  18  1:29  Drone  
  19  1:38  Queen  
  21  1:40  Zergling x2  
  22  1:51  Overlord  
  22  2:11  Drone  
  22  2:12  Drone  
  24  2:16  Queen  
  26  2:23  Drone  
  27  2:37  Drone  
  28  2:47  Drone x4  
  32  2:53  Lair  
  32  2:54  Extractor  
  32  2:55  Overlord  
  31  3:06  Drone x3  
  34  3:19  Roach Warren  
  33  3:20  Overlord  
  33  3:24  Drone x3  
  35  3:36  Overlord x2  
  35  3:44  Baneling Nest  
  34  3:53  Overlord x2  
  34  4:02  Roach x7  
  48  4:28  Zergling x4  
  50  4:38  Glial Reconstitution  
  50  4:45  Nydus Network  
  49  4:48  Zergling x10  
  49  4:49  Zergling x8  
  58  4:53  Baneling  
  58  4:54  Baneling  
  58  5:03  Zergling x2  
  58  5:04  Zergling x2  
  60  5:08  Baneling x3  
  60  5:09  Baneling  
  60  5:24  Baneling x2  
  60  5:29  Baneling x2  
  60  5:50  Nydus Canal  
  60  6:01  Overlord  
  60  6:02  Zergling x4  
  60  6:03  Zergling x14  
  65  6:21  Spine Crawler x2  
  55  6:36  Overlord  
  55  6:37  Roach x5  
  65  6:48  Drone  
  65  6:49  Drone  
  67  6:56  Hatchery  
  67  6:58  Zergling x2  
  67  7:03  Drone  
  67  7:07  Burrow  
  67  7:08  Drone x3  
  71  7:13  Drone x3  
  74  7:16  Overseer  
  74  7:22  Drone  
  75  7:25  Extractor x2  
  75  7:27  Drone x2  
  75  7:29  Evolution Chamber  
  74  7:31  Evolution Chamber  
  73  7:37  Ravager  
  73  7:38  Ravager  
  73  7:39  Ravager x2  
  77  7:56  Metabolic Boost  
  77  8:01  Drone x3  
  77  8:02  Drone  
  81  8:08  Overlord x2  
  81  8:22  Baneling x5  
  81  8:30  Drone x3  
  84  8:38  Queen  
  84  8:39  Drone x3  
  84  8:40  Drone, Zergling x2  
  91  8:55  Drone x2  
  91  8:56  Drone x2  
  91  8:59  Zerg Missile Weapons Level 1, Zerg Ground Armor Level 1  
  92  9:13  Extractor  
  92  9:14  Extractor, Drone x4  
  94  9:23  Infestation Pit  
  93  9:28  Zergling x4  
  93  9:29  Zergling x14  
  93  9:30  Zergling x4  
  105  9:31  Zergling x4  
  105  9:33  Baneling x4  
  105  9:34  Baneling x7  
  105  9:35  Baneling  
  106  9:50  Hatchery, Drone x3  
  108  10:09  Nydus Canal  
  108  10:10  Overlord  
  108  10:11  Overlord x2  
  108  10:15  Hive  
  82  11:09  Overlord x2  
  82  11:13  Spire  
  82  11:16  Zerg Ground Armor Level 2, Zerg Missile Weapons Level 2  
  81  11:34  Ultralisk Cavern, Overlord  
  81  11:38  Hatchery  
  81  11:39  Extractor  
  78  11:41  Extractor, Zergling x2  
  78  11:42  Zergling x2  
  79  12:07  Drone x5  
  79  12:08  Drone x3  
  87  12:14  Overlord x3  
  87  12:25  Overlord  
  87  12:31  Chitinous Plating  
  87  12:33  Ultralisk x5  
  87  12:34  Ultralisk x4  
  141  12:37  Zergling x2  
  141  12:38  Zergling x8  
  141  12:39  Zergling x20  
  141  12:40  Zergling x2  
  157  12:54  Drone x6  
  163  13:11  Mutalisk x6  
  169  13:24  Baneling  
  169  13:25  Baneling x7  
Tags
 
Add a new tag
Caveats
  • Supply blocks, unpowered buildings, or Contaminate may cause inaccurate times.
  • Supply counts are checked every 10 seconds.